 Dungeon Crawl Stone Soup version 0.26.1-11-gd32895ea62 (webtiles) character file.

Game seed: 17363249846112871500

445 Zeld the Chucker (level 7, 0/45 HPs)
             Began as an Octopode Brigand on May 15, 2021.
             Slain by a sky beast (5 damage)
             ... on level 4 of the Dungeon.
             The game lasted 00:06:56 (6323 turns).

Zeld the Chucker (Octopode Brigand)                 Turns: 6323, Time: 00:06:57

Health: 0/45       AC:  1    Str: 12    XL:     7   Next: 3%
Magic:  12/12      EV: 13    Int: 14    God:
Gold:   284        SH:  0    Dex: 13    Spells: 13/13 levels left

rFire    . . .     SeeInvis .   a - +2 dagger
rCold    . . .     Faith    .   (no shield)
rNeg     . . .     Spirit   .   (helmet restricted)
rPois    .         Reflect  .   (no amulet)
rElec    .         Harm     .   (no ring)
rCorr    .         Rampage  .   (no ring)
Will     .....                  (no ring)
Stlth    ++++......             (no ring)
HPRegen  0.15/turn              (no ring)
MPRegen  0.13/turn              (no ring)
                                (no ring)
                                (no ring)

@: no status effects
A: almost no armour, stealthy swim, amphibious, 8 rings, constrict 8, camouflage
1, gelatinous body 1
a: no special abilities


You were on level 4 of the Dungeon.
You visited 1 branch of the dungeon, and saw 5 of its levels.

You collected 284 gold pieces.

Inventory:

Hand Weapons
 a - a +2 dagger (weapon)
 o - a +0 dagger of flaming
Missiles
 b - 28 poisoned darts (quivered)
 c - 2 curare-tipped darts
Wands
 j - a wand of random effects (18)
 q - a wand of paralysis (2)
 y - a wand of polymorph (5)
Scrolls
 d - 3 scrolls of remove curse {unknown}
 e - a scroll of teleportation {unknown}
 g - 5 scrolls of identify {unknown}
 m - 2 scrolls of immolation {unknown}
 p - a scroll of enchant armour {unknown}
 x - a scroll of amnesia {unknown}
Potions
 f - a potion of ambrosia {unknown}
 h - a potion of magic {unknown}
 i - a potion of lignification {unknown}
 k - a potion of curing {unknown}
 l - a potion of haste {unknown}
 n - 2 potions of resistance {unknown}
 r - a potion of flight {unknown}
 s - a potion of invisibility {unknown}
 t - a potion of degeneration {unknown}
 u - a potion of mutation {unknown}
 v - a potion of brilliance {unknown}
 w - a potion of might {unknown}
 z - a potion of heal wounds {unknown}


   Skills:
 - Level 2.0 Fighting
 - Level 2.0 Short Blades
 - Level 6.0 Throwing
 - Level 1.0 Dodging
 - Level 5.3 Stealth
 + Level 3.5 Spellcasting


You had 13 spell levels left.
You didn't know any spells.
Your spell library was empty.

Dungeon Overview and Level Annotations

Branches:
Dungeon (5/15)
 Temple: D:4-7

Altars:
Hepliaklqana


Innate Abilities, Weirdness & Mutations

You cannot wear most types of armour.
You are very stealthy in the water. (Stealth+)
You are amphibious.
You can wear up to eight rings at the same time.
You can use your tentacles to constrict eight enemies at once.
Your skin changes colour to match your surroundings (Stealth+).
Your rubbery body absorbs attacks. (AC +1, EV +1)


Message History

The sky beast flickers out of sight!
Deactivating autopickup; reactivate with Ctrl-A.
A sky beast appears from thin air!
Reactivating autopickup.
Things that are here:
a +0 halberd; a gnoll corpse The sky beast flickers out of sight!
Deactivating autopickup; reactivate with Ctrl-A.
There is a stone staircase leading up here.
Something hits you. Something shocks you.
You climb upwards.
Reactivating autopickup.
There is a stone staircase leading down here.
Deactivating autopickup; reactivate with Ctrl-A.
You miss something. Something hits you. Something shocks you.
* * * LOW HITPOINT WARNING * * *
Something hits you.
* * * LOW HITPOINT WARNING * * *
Something shocks you.
You die...

...#.....#....#.............#
...#.....#....'.............#
...'.....#....#.............#
...#.....#....#.............#
...#.....'....#....##.......#
...#.....#...########.......#
...'.....#...##....##.......#
...#.....##'###..>.#........#
...#.....#....#.@..#........#
...#.....#....#....##.).....#
####.....#....#....##.......#
#.....#...##....##.......#
#.....#...###'####.......#
#.....#.........#........#
####...).'.........#........#
.........#.........##.......#
...).....#..†......##.......#


There were no monsters in sight!

Vanquished Creatures
  A hound (D:5)
  An orc priest (D:3)
  Ijyb (D:3)
  An iguana (D:4)
  An orc wizard (D:3)
  Terence (D:3)
  2 worker ants (D:4)
  A hound zombie (D:5)
  Robin (D:3)
  3 gnolls (D:5)
  7 adders
  3 worms
  A dart slug (D:3)
  3 leopard geckos
  9 orcs
  8 bats
  2 giant cockroaches (D:1)
  15 goblins
  14 hobgoblins
  14 jackals
  8 kobolds
  A quokka (D:2)
  A ball python (D:3)
  3 frilled lizards
  A quokka skeleton (D:4)
  6 rats
109 creatures vanquished.

Vanquished Creatures (others)
  3 plants (D:5)
3 creatures vanquished.

Grand Total: 112 creatures vanquished

Notes
Turn   | Place    | Note
-------+----------+-------------------------------------------
     0 | D:1      | Zeld the Octopode Brigand began the quest for the Orb.
     0 | D:1      | Reached XP level 1. HP: 14/14 MP: 1/1
    32 | D:1      | Found a hazy altar of Hepliaklqana.
   354 | D:1      | Reached XP level 2. HP: 19/19 MP: 2/2
   710 | D:1      | Reached skill level 1 in Spellcasting
   945 | D:1      | Reached skill level 3 in Throwing
  1026 | D:1      | Reached XP level 3. HP: 24/24 MP: 4/4
  1555 | D:2      | You fall into a shaft and drop 2 floors!
  1571 | D:4      | Reached XP level 4. HP: 29/29 MP: 6/6
  1593 | D:3      | Noticed Terence
  1694 | D:4      | Reached skill level 4 in Throwing
  1747 | D:4      | Noticed a phantom
  2462 | D:2      | Reached XP level 5. HP: 34/34 MP: 8/8
  3191 | D:3      | Noticed Robin
  3469 | D:3      | Killed Robin
  3818 | D:3      | Noticed Ijyb
  3832 | D:3      | Paralysed by Ijyb for 7 turns
  4467 | D:3      | Reached skill level 5 in Throwing
  4637 | D:3      | Paralysed by Ijyb for 7 turns
  4648 | D:3      | Killed Ijyb
  4649 | D:3      | Reached XP level 6. HP: 24/39 MP: 8/10
  5423 | D:3      | Killed Terence
  5918 | D:5      | Entered Level 5 of the Dungeon
  6064 | D:5      | Reached skill level 6 in Throwing
  6273 | D:5      | Reached XP level 7. HP: 45/45 MP: 12/12
  6297 | D:5      | Noticed a wyvern
  6297 | D:5      | an ogre changed into a wyvern
  6303 | D:5      | a wyvern changed into a sky beast
  6323 | D:4      | Slain by a sky beast

Illustrated notes

Levels and vault maps discovered:
D:1:      mrwooster_arrival_statue_2, layout_loops_corners,
          kennysheep_flooded_box
D:2:      layout_basic
D:3:      layout_basic, uniq_robin, uniq_ijyb, uniq_terence
D:4:      layout_gridville
D:5:      layout_loops_ring, nzn_hepliaklqana_mist_gate, serial_bayou_pond_c,
          minmay_pentangle

Skill      XL: |  1  2  3  4  5  6 |
---------------+-------------------+-----
Spellcasting   | 1 2 3 |  3.5
Throwing       | 3 4 5 6 |  6.0
Fighting       | |  2.0
Short Blades   | |  2.0
Dodging        | |  1.0
Stealth        | |  5.3

Action                   |  1- 3 |  4- 6 |  7- 9 || total
-------------------------+-------+-------+-------++-------
Melee: Dagger            |    59 |   177 |     5 ||   241
       Constrict         |    15 |    41 |       ||    56
       Tentacles         |     9 |    30 |     2 ||    41
Throw: Dart              |       |     5 |       ||     5
Evoke: Wand              |       |       |     7 ||     7
 Stab: Sleeping          |    10 |    17 |       ||    27
       Distracted        |       |     2 |       ||     2
Armor: Skin              |     5 |    12 |       ||    17
Dodge: Dodged            |    30 |   139 |     4 ||   173
